 Dungeon Crawl Stone Soup version 0.19.0 (webtiles) character file.

98 CanadianGator the Covered (level 4, 0/40 HPs)
             Began as a Minotaur Fighter on Nov 9, 2016.
             Slain by a gnoll
             ... wielding a +0 vampiric halberd
              (2 damage)
             ... on level 2 of the Dungeon.
             The game lasted 00:04:02 (936 turns).

CanadianGator the Covered (Minotaur Fighter)         Turns: 936, Time: 00:04:03

Health: 0/40       AC: 12    Str: 20    XL:     4   Next: 43%
Magic:  3/3        EV:  4    Int:  5    God:
Gold:   71         SH: 13    Dex: 11    Spells: 0 memorised, 3 levels left

rFire  . . .     SeeInvis .     a - +1 war axe
rCold  . . .     Gourm    .     i - +0 plate armour
rNeg   . . .     Faith    .     c - +0 shield
rPois  .         Spirit   .     (helmet restricted)
rElec  .         Reflect  .     (no cloak)
rCorr  .         Harm     .     (no gloves)
MR     .....                    (no boots)
Stlth  ..........               (no amulet)
                                (no ring)
                                (no ring)

@: no status effects
A: retaliatory headbutt, horns 2, large bone plates 1
a: no special abilities


You were on level 2 of the Dungeon.
You were not hungry.

You visited 1 branch of the dungeon, and saw 2 of its levels.

You collected 71 gold pieces.

Inventory:

Hand Weapons
 a - a +1 war axe (weapon)
Armour
 b - a +0 scale mail
 c - a +0 shield (worn)
 i - a +0 plate armour (worn)
Scrolls
 j - a scroll of recharging {unknown}
 l - 2 scrolls of identify {unknown}
 m - a scroll of teleportation {unknown}
Potions
 d - a potion of might
Comestibles
 f - a bread ration
 g - 3 fruits
 h - a meat ration
 n - a beef jerky


   Skills:
 + Level 4.1 Fighting
 + Level 3.7 Axes
 + Level 4.6 Armour
 + Level 0.2 Dodging
 + Level 0.1 Stealth
 + Level 4.3 Shields


You had 3 spell levels left.
You didn't know any spells.

Dungeon Overview and Level Annotations

Branches:
Dungeon (2/15)

Altars:


Innate Abilities, Weirdness & Mutations

You reflexively headbutt those who attack you in melee.
You have a pair of horns on your head.
You are partially covered in large bone plates. (SH +4)


Message History

You slash the hound! Your headbutt misses the hound.
The hound is severely wounded.
You hit the bush but do no damage. You hit the bush.
The hound barely misses you. You block the hound's attack.
The gnoll hits you from afar with a vampiric halberd.
* * * LOW HITPOINT WARNING * * *
You block the hound's attack.
The hound stops to sniff the ground.
You block the hound's attack.
It was a potion of mutation.
You feel extremely strange.
Large bone plates grow over parts of your arms.
Your vision blurs.
Your vision sharpens.
You block the hound's attack. The gnoll barely misses you.
The hound barely misses you. You furiously retaliate!
You headbutt the hound.
You kill the hound!
As you read the scroll labeled WEICVO FAEHOTO, it crumbles to dust.
It is a scroll of enchant weapon.
Your +0 war axe glows red for a moment.
The gnoll hits you from afar with a vampiric halberd.
You die...

#..#.....#####...+ #....#
#............#...###....#
....#....##### ..' #....#
.....##.#######'###....##
..............P.P.......#
.....###...........####.#
.#.. #..###.#g##.# #.# #.
..........†##.# #.# #
......#....@##.####.#
.............##...##.##
.............####.##..#
#............# #..###.#
####.....###.# #.#
#.......#.####.#
#.......†....#.#
#............#.#
#............#(#####


You could see a gnoll.

Vanquished Creatures
  2 hounds (D:2)
  An adder (D:2)
  3 leopard geckos
  2 bats
  A giant cockroach (D:2)
  2 goblins (D:1)
  6 hobgoblins
  A quokka (D:2)
  A ball python (D:1)
  3 frilled lizards
  3 kobolds
  4 rats
29 creatures vanquished.

Notes
Turn   | Place    | Note
-------+----------+-------------------------------------------
     0 | D:1      | CanadianGator the Minotaur Fighter began the quest for the Orb.
     0 | D:1      | Reached XP level 1. HP: 19/19 MP: 0/0
   315 | D:1      | Reached XP level 2. HP: 8/27 MP: 1/1
   764 | D:1      | You fall through a shaft!
   860 | D:2      | Reached XP level 3. HP: 30/33 MP: 2/2
   924 | D:2      | Reached XP level 4. HP: 12/40 MP: 3/3
   930 | D:2      | HP: 1/40 [gnoll/vampiric halberd (4)]
   935 | D:2      | Gained mutation: You are partially covered in large bone plates. (SH +4) [potion of mutation]
   935 | D:2      | Gained mutation: Scrolls take you a little longer to read. [potion of mutation]
   935 | D:2      | Lost mutation: Scrolls take you a little longer to read. [potion of mutation]
   936 | D:2      | Slain by a gnoll

Skill      XL: |  1  2  3 |
---------------+----------+-----
Fighting       | 4 |  4.1
Shields        | 4 |  4.3
Armour         | 4 |  4.6
Axes           | 3 |  3.7
Dodging        | |  0.2
Stealth        | |  0.1

Action                   |  1- 3 |  4- 6 || total
-------------------------+-------+-------++-------
Melee: War axe           |    64 |     6 ||    70
       Headbutt          |    12 |     1 ||    13
  Use: Scroll            |       |     1 ||     1
       Potion            |       |     1 ||     1
Armor: Scale mail        |     9 |       ||     9
       Plate armour      |    50 |     7 ||    57
Dodge: Dodged            |    19 |     3 ||    22
Block: Shield            |    37 |    13 ||    50
